[Event "*** Titled Tuesday 3|2 Blitz"]
[Site "Chess.com"]
[Date "2016.02.02"]
[Round "2"]
[White "Winehouse83"]
[Black "Sawyer2908"]
[Result "1-0"]
[WhiteElo "2303"]
[BlackElo "2272"]
[TimeControl "180+2"]
[EndTime "11:24:41 PST"]
[Termination "Winehouse83 won by resignation"]

1. d4 Nf6 2. c4 e6 3. Nf3 c5 4. d5 exd5 5. cxd5 d6 6. Nc3 g6 7.
Bf4 a6 8. a4 Bg7 9. h3 O-O 10.
e3 Re8 11. Nd2 Bf5 12. Qb3 Qc7 13. Nc4 Bf8 14. Nb6 Ra7 15. Be2 Nbd7 16. a5 Ne5 17. Rd1 Nfd7 18. g4 c4 19. Nxc4 Nc5 20. Qb6 Ncd3+ 21.
Rxd3 Nxd3+ 22. Bxd3 Qxb6 23. axb6 Bxd3 24. bxa7 Bxc4 25.
e4 b5 26. Be3 Bg7 27. Kd2 Bb3 28. Ra1 b4 29. Rxa6 bxc3+ 30. bxc3 Rc8 31. Rc6 1-0

[Event "*** Titled Tuesday 3|2 Blitz"]
[Site "Chess.com"]
[Date "2016.02.02"]
[Round "2"]
[White "AungTZ"]
[Black "rikyshi"]
[Result "0-1"]
[WhiteElo "2091"]
[BlackElo "2072"]
[TimeControl "180+2"]
[EndTime "11:24:45 PST"]
[Termination "rikyshi won on time"]

1. e4 e6 2. d4 d5 3. Nc3 Nc6 4. Nf3 Nf6 5. Bg5 Be7 6. Bxf6 Bxf6 7. e5 Be7 8. a3 a5 9. Bd3 a4 10. Ne2 Na5 11. O-O c5 12. c3 Nb3 13.
Rb1 Bd7 14. Ng3 h5 15. h3 g6 16. Nd2 Bh4 17. Nxb3 axb3 18. dxc5 Bxg3 19. fxg3 Qc7 20. Qxb3 Qxc5+ 21. Kh1 Bc6 22. Rbe1 O-O 23. Rf6 Kg7 24. Qc2 Be8 25. Ref1 Rh8 26. Qd2 d4 0-1

[Event "*** Titled Tuesday 3|2 Blitz"]
[Site "Chess.com"]
[Date "2016.02.02"]
[Round "2"]
[White "kpio91"]
[Black "SabinoBrunello"]
[Result "0-1"]
[WhiteElo "2508"]
[BlackElo "2388"]
[TimeControl "180+2"]
[EndTime "11:24:54 PST"]
[Termination "SabinoBrunello won by resignation"]

1. Nf3 d5 2. g3 Nf6 3. Bg2 c6 4. O-O Bg4 5. d3 e6 6. h3 Bh5 7. Qe1 Be7 8. e4 dxe4 9. dxe4 Bxf3 10. Bxf3 e5 11. a4 O-O 12. Nd2 Na6 13. Nc4 Qc7 14.
Bg2 Nd7 15. Qe2 Nac5 16. Ne3 Ne6 17. Nf5 Bc5 18. c3 Rfd8 19. b4 Bf8 20. Kh1 a5 21.
bxa5 Rxa5 22. c4 Ndc5 23. Bb2 Nxa4 24. f4 Nxb2 25. Qxb2 Rxa1 26. Qxa1 exf4 27. e5 fxg3 28. Qc3 g6 29. Qxg3 Bg7 30. Nxg7 Nxg7 31. h4 Re8 32.
Re1 Nf5 33. Qf4 Qd8 34. h5 Qh4+ 35. Qxh4 Nxh4 36. hxg6 Nxg6 37. Rb1 Re7 38. Bh3 Nxe5 39. Bc8 Nxc4 40. Bxb7 Ne5 41. Bc8 Kg7 42. Kg2 Ng6 43. Rc1 Rc7 44. Ba6 c5 45. Be2 Ne5 46. Kg3 Kf6 47.
Kf4 Ke6 48. Rh1 f6 49. Bd1 c4 50. Bc2 c3 51. Rxh7 Rxh7 52. Bxh7 Kd5 53. Ke3 Kc4 54. Bc2 Kb4 55. Ke2 Ka3 56. Kd1 Kb2 57. Bf5 Nc4 0-1

[Event "*** Titled Tuesday 3|2 Blitz"]
[Site "Chess.com"]
[Date "2016.02.02"]
[Round "2"]
[White "oskariot"]
[Black "IMRosen"]
[Result "0-1"]
[WhiteElo "2333"]
[BlackElo "2256"]
[TimeControl "180+2"]
[EndTime "11:24:57 PST"]
[Termination "IMRosen won by checkmate"]

1. e4 d5 2. exd5 Nf6 3. d4 Bg4 4. Nf3 Qxd5 5. Be2 Nc6 6. Nc3 Qf5 7. h3 Bxf3 8. Bxf3 Rd8 9. Bxc6+ bxc6 10. O-O e6 11.
Re1 Bd6 12. Qe2 O-O 13. Be3 Rb8 14. Rab1 Rfd8 15. Qc4 Rb6 16. b4 Nd5 17. a3 Qxc2 18. Rbc1 Nxe3 19. fxe3 Qg6 20. Ne2 Rb5 21. Qxc6 Rg5 22.
Rf1 h5 23. Nf4 Bxf4 24. Rxf4 Rg3 25. Qe4 Qg5 26. Rcf1 Rxh3 27. Rxf7 Qxe3+ 28. Qxe3 Rxe3 29. Rxc7 Rxd4 30. Rxa7 Rg4 31. b5 h4 32. Kh2 Re2 33. Rg1 Rb2 34. a4 g5 35. Re7 Rg3 36. Rxe6 g4 37. Re4 Rh3# 0-1

[Event "*** Titled Tuesday 3|2 Blitz"]
[Site "Chess.com"]
[Date "2016.02.02"]
[Round "2"]
[White "Grootneus"]
[Black "Quiet_Desperation"]
[Result "0-1"]
[WhiteElo "1994"]
[BlackElo "2099"]
[TimeControl "180+2"]
[EndTime "11:24:58 PST"]
[Termination "Quiet_Desperation won on time"]

1. e4 e6 2. d4 d5 3. Nc3 Nf6 4. Bg5 Be7 5. e5 Nfd7 6. Bxe7 Qxe7 7. f4 a6 8. Nf3 c5 9. Bd3 Nc6 10. dxc5 Nxc5 11. Qe2 Nxd3+ 12. cxd3 Bd7 13. O-O f6 14. exf6 gxf6 15. Rae1 Qc5+ 16. Kh1 O-O-O 17. Rc1 Qd6 18. Nd4 Nxd4 19. Nb5+ Kb8 20. Nxd4 Rhg8 21. Rce1 Rde8 22. Qh5 Rg7 23. Qh6 Reg8 24. Rf2 Rg6 25. Qxh7 e5 26. fxe5 fxe5 27. Nf3 e4 28. dxe4 dxe4 29. Rxe4 Bc6 30. Rd4 Qc5 31. Rdd2 Qc1+ 32. Ng1 Be4 33. Qh3 Rxg2 34.
Rxg2 Qxd2 0-1

[Event "*** Titled Tuesday 3|2 Blitz"]
[Site "Chess.com"]
[Date "2016.02.02"]
[Round "2"]
[White "Zazuliak"]
[Black "davidarenas1224"]
[Result "1-0"]
[WhiteElo "2310"]
[BlackElo "2153"]
[TimeControl "180+2"]
[EndTime "11:24:59 PST"]
[Termination "Zazuliak won by resignation"]

1. d4 g6 2. c4 Bg7 3. Nf3 d6 4. Nc3 Bg4 5. e4 Nc6 6. Be3 e5 7. d5 Nd4 8. Be2 Bxf3 9. Bxf3 Ne7 10.
O-O c5 11. dxc6 bxc6 12. b3 O-O 13. Be2 f5 14. f3 h5 15. Qd2 f4 16. Bf2 g5 17. Bd1 Rf6 18. Ne2 c5 19. Nc3 Rg6 20. h3 Bh6 21. Qd3 Rb8 22. Nd5 Nec6 23. Rc1 Nb4 24.
Nxb4 Rxb4 25. Bxd4 cxd4 26. c5 g4 27. fxg4 hxg4 28.
Bxg4 f3 29. Qxf3 Rb7 30. Qf5 Rbg7 31. cxd6 Bxc1 32. Rxc1 Rf6 33. Rc8 Rxf5 34. Rxd8+ Rf8 35. Be6+ Rf7 36. Rxf8+ Kxf8 37. Bxf7 Kxf7 38. Kf2 Ke6 39.
h4 Kxd6 40. g4 Kc5 41. Ke2 Kb4 42. Kd3 Kc5 43. h5 Kd6 44. h6 1-0

[Event "*** Titled Tuesday 3|2 Blitz"]
[Site "Chess.com"]
[Date "2016.02.02"]
[Round "2"]
[White "MateusViageiro"]
[Black "manubibi"]
[Result "0-1"]
[WhiteElo "2172"]
[BlackElo "2425"]
[TimeControl "180+2"]
[EndTime "11:25:04 PST"]
[Termination "manubibi won by checkmate"]

1. e4 c5 2. Nf3 d6 3. d4 cxd4 4.
Nxd4 Nf6 5. Nc3 a6 6. Be2 e5 7.
Nb3 Be7 8. O-O O-O 9. Kh1 a5 10. a4 Nc6 11. f4 Nb4 12. Bf3 Be6 13. f5 Bc4 14. Re1 Rc8 15. Nd2 Ba6 16. Nf1 h6 17.
Ne3 Qb6 18. h3 Rc5 19. Kh2 Rfc8 20. g4 d5 21. Nexd5 Nbxd5 22. exd5 e4 23. Nxe4 Rxc2+ 24.
Kh1 Nxe4 25. Bxe4 Qf2 26. Bxc2 Rxc2 27. Qxc2 Qxe1+ 28. Kg2 Qf1+ 29. Kg3 Bd6+ 30. Kh4 Qe1+ 31. Kh5 Qf1 32. Qc3 Bd3 33. Bg5 g6+ 34. fxg6 fxg6+ 35. Kxh6 Bf8+ 36. Qg7+ Bxg7# 0-1

[Event "*** Titled Tuesday 3|2 Blitz"]
[Site "Chess.com"]
[Date "2016.02.02"]
[Round "2"]
[White "MITerryble"]
[Black "Gabrielian_Artur"]
[Result "1/2-1/2"]
[WhiteElo "2604"]
[BlackElo "2488"]
[TimeControl "180+2"]
[EndTime "11:25:15 PST"]
[Termination "Game drawn by repetition"]

1. d4 Nf6 2. Nf3 g6 3. Bg5 Bg7 4. Nbd2 O-O 5. c3 d6 6. e4 c5 7. dxc5 dxc5 8. Be2 Nc6 9. O-O h6 10. Be3 b6 11. h3 Qc7 12. Qc2 Nh5 13. Rfe1 Bb7 14. a4 Rfd8 15. Rad1 e6 16. Nc4 Nf4 17. Bf1 g5 18. g3 Ng6 19. Bg2 Nce5 20. Nfxe5 Nxe5 21. Nxe5 Bxe5 22. Qe2 Bg7 23. Qh5 Rxd1 24. Rxd1 Rd8 25.
f4 Rxd1+ 26. Qxd1 gxf4 27. gxf4 Bc6 28. e5 Qd7 29. Qxd7 Bxd7 30. a5 f6 31. exf6 Bxf6 32.
a6 Bb5 33. Bb7 Kf7 34. Kg2 Ke7 35. Kg3 h5 36. Kf3 Bf1 37. Kg3 Bb5 38. h4 Kd6 39. Bf3 Be8 40. Bf2 Bg6 41. Be3 Kc7 42. Bf2 Be7 43.
Be3 Bd6 44. Bf2 b5 45. b4 cxb4 46. cxb4 Kb8 47. Be1 Kc7 48. Bf2 Kb8 49. Be1 Kc7 50.
Bf2 Kb8 51. Be1 Kc7 52. Bf2 1/2-1/2

[Event "*** Titled Tuesday 3|2 Blitz"]
[Site "Chess.com"]
[Date "2016.02.02"]
[Round "2"]
[White "Nutflush"]
[Black "Hafez_Bakr"]
[Result "1-0"]
[WhiteElo "1895"]
[BlackElo "1739"]
[TimeControl "180+2"]
[EndTime "11:25:17 PST"]
[Termination "Nutflush won by resignation"]

1. e4 c5 2. c3 Nf6 3. e5 Nd5 4. d4 cxd4 5. cxd4 e6 6. Nf3 d6 7. Bc4 Nb6 8. Bd3 dxe5 9. dxe5 Bd7 10. O-O Be7 11. Nc3 Nc6 12. Qe2 O-O 13. Qe4 g6 14. Bh6 Re8 15. Rad1 Nb4 16. Bb1 Qc8 17. Ng5 N4d5 18. Qf3 f5 19. exf6 Nxf6 20. Rfe1 Nbd5 21.
Qd3 Rd8 22. Nxh7 Be8 23. Nxf6+ Nxf6 24. Qe2 Rxd1 25. Rxd1 Bf7 26. Bf4 Qc6 27. Be5 Rd8 28. Rxd8+ Bxd8 29. h3 Be7 30. Ne4 Qc1+ 31. Kh2 Qxb1 32.
Nxf6+ Bxf6 33. Bxf6 Qxa2 34. Qe5 Qd5 35. Qb8+ 1-0

[Event "*** Titled Tuesday 3|2 Blitz"]
[Site "Chess.com"]
[Date "2016.02.02"]
[Round "2"]
[White "attack2mateU"]
[Black "igorkovalenko"]
[Result "0-1"]
[WhiteElo "2502"]
[BlackElo "2529"]
[TimeControl "180+2"]
[EndTime "11:25:21 PST"]
[Termination "igorkovalenko won by resignation"]

1. Nf3 Nf6 2. g3 c5 3. Bg2 g6 4. O-O Bg7 5. c4 Nc6 6. Nc3 d6 7. d4 O-O 8. dxc5 dxc5 9. Qa4 Qa5 10. Be3 Nd7 11. Qb3 Nd4 12. Bxd4 cxd4 13. Nd5 Re8 14. Qd1 e6 15. b4 Qd8 16. Nf4 a5 17. a3 d3 18. Rb1 axb4 19. axb4 dxe2 20. Qxe2 Qc7 21.
Rfc1 Ne5 22. Nxe5 Bxe5 23. Nd3 Bd4 24. c5 e5 25. b5 Bf5 26. b6 Qd8 27. Be4 Ra3 28.
Bxf5 gxf5 29. Rd1 Qg5 30. Rbc1 h5 31. h4 Qxg3+ 32. Kf1 Qh3+ 33. Ke1 Qxh4 34. c6 bxc6 35.
b7 Rb8 36. Nxe5 Re3 37. Nxc6 Rxe2+ 38. Kxe2 Qxf2+ 39. Kd3 Qe3+ 40. Kc4 Rxb7 41. Nxd4 Rc7+ 0-1

[Event "*** Titled Tuesday 3|2 Blitz"]
[Site "Chess.com"]
[Date "2016.02.02"]
[Round "2"]
[White "vovkcoach"]
[Black "gumersindo"]
[Result "1-0"]
[WhiteElo "2549"]
[BlackElo "2229"]
[TimeControl "180+2"]
[EndTime "11:25:21 PST"]
[Termination "vovkcoach won by resignation"]

1. Nf3 d5 2. g3 Nf6 3. Bg2 e6 4.
O-O Be7 5. c4 c6 6. b3 O-O 7. Bb2 b6 8. cxd5 cxd5 9. d3 Bb7 10. Nbd2 Nc6 11. Rc1 Rc8 12. a3 Qd7 13. Rc2 Rc7 14. Qa1 Rfc8 15. Rfc1 Na5 16. Ne5 Qd8 17.
Rxc7 Rxc7 18. b4 Nc6 19. Ndf3 Qc8 20. b5 Nxe5 21. Nxe5 Rxc1+ 22. Qxc1 Qxc1+ 23. Bxc1 Ne8 24. e4 dxe4 25. Bxe4 Bxe4 26. dxe4 Nd6 27. Nc6 Bf8 28. Nxa7 Nxe4 29. f3 Nc3 30. Kf2 Bc5+ 31. Ke1 Nb1 32.
a4 Nc3 33. a5 bxa5 34. Bd2 Bxa7 35. Bxc3 Bb6 36. Kd2 Kf8 37. Kc2 g6 38. Kb3 Ke7 39. Ka4 Kd7 40. Bxa5 Kc7 41. Bxb6+ Kxb6 42. f4 f6 43. Kb4 e5 44. fxe5 fxe5 45. Kc4 e4 46.
Kd4 Kxb5 47. Kxe4 Kc4 48. Ke5 Kd3 49. Kf6 Ke3 50. Kg7 Kf3 51. Kxh7 Kg2 52. Kxg6 1-0

[Event "*** Titled Tuesday 3|2 Blitz"]
[Site "Chess.com"]
[Date "2016.02.02"]
[Round "2"]
[White "stefanodinn"]
[Black "AvitalBor"]
[Result "0-1"]
[WhiteElo "2129"]
[BlackElo "2348"]
[TimeControl "180+2"]
[EndTime "11:25:25 PST"]
[Termination "AvitalBor won by resignation"]

1. e4 e5 2. Nf3 Nc6 3. d4 exd4 4. Nxd4 Nf6 5. Nc3 Bb4 6. Nxc6 bxc6 7. Bd3 d5 8. exd5 cxd5 9. O-O O-O 10. Bg5 c6 11.
Na4 h6 12. Bh4 Re8 13. c4 Bd6 14. cxd5 cxd5 15. Rc1 Be5 16. b3 Qd6 17. Bg3 Bxg3 18. hxg3 Bg4 19. Qd2 Bd7 20. Nc5 Bc6 21. b4 d4 22.
Rfd1 Ng4 23. Qf4 Qd5 24. Be4 Qh5 25. Qxg4 Qxg4 26. Bxc6 Rad8 27. Bxe8 Rxe8 28. Rd2 Re2 29.
Rcd1 Rxd2 30. Rxd2 h5 31. Nb3 Qe6 32. Rxd4 Qe1+ 33. Kh2 Qxf2 34. Rd2 Qb6 35. a3 Qc7 36. Rd4 Qc3 0-1

[Event "*** Titled Tuesday 3|2 Blitz"]
[Site "Chess.com"]
[Date "2016.02.02"]
[Round "2"]
[White "AndrewMcStone"]
[Black "lionheart95"]
[Result "0-1"]
[WhiteElo "2018"]
[BlackElo "2159"]
[TimeControl "180+2"]
[EndTime "11:25:32 PST"]
[Termination "lionheart95 won on time"]

1. d4 Nf6 2. c4 g6 3. Nc3 Bg7 4. e4 d6 5. Nge2 O-O 6. Ng3 c5 7. d5 e6 8. Be2 exd5 9. cxd5 h5 10. Bg5 a6 11. a4 Nbd7 12. Qd2 Re8 13. O-O Qe7 14.
f4 Qf8 15. Rae1 Nh7 16. Bh4 Bd4+ 17. Kh1 Qg7 18. e5 dxe5 19. f5 Ndf6 20. fxg6 fxg6 21. Nge4 Nxe4 22. Nxe4 Bd7 23. Nf6+ Nxf6 24. Bxf6 Qh7 25. Bc4 b5 26. axb5 axb5 27. Bd3 Ra6 28. Qg5 e4 29. Rxe4 Rxe4 30. Bxe4 Bxf6 31. Qf4 Qg7 32. d6 Be5 33.
Bd5+ Kh7 34. Qg5 Rxd6 0-1

[Event "*** Titled Tuesday 3|2 Blitz"]
[Site "Chess.com"]
[Date "2016.02.02"]
[Round "2"]
[White "Saitama_Hero"]
[Black "Makalexa"]
[Result "1/2-1/2"]
[WhiteElo "2072"]
[BlackElo "2072"]
[TimeControl "180+2"]
[EndTime "11:25:34 PST"]
[Termination "Game drawn by agreement"]

1. d4 Nf6 2. c4 g6 3. Nc3 Bg7 4. e4 d6 5. Nf3 O-O 6. Be2 e5 7. O-O Nc6 8. d5 Ne7 9. b4 a5 10. bxa5 Nd7 11. Rb1 Rxa5 12. a4 b6 13. Nb5 Nc5 14.
Bd2 Rxa4 15. Qc2 Bg4 16. Be3 Bxf3 17. Bxf3 Ra5 18. Ra1 Rxa1 19. Rxa1 f5 20. Ra7 c6 21.
Nc7 Qb8 22. Qa2 Nc8 23. Bxc5 bxc5 24. Ra8 Qxc7 25. dxc6 f4 26. Bg4 h5 27. Be6+ Kh7 28. Qa6 Qb6 29. Qxb6 Nxb6 30. Rxf8 Bxf8 31. c7 Be7 32.
c8=Q Nxc8 33. Bxc8 Kg7 34. Kf1 f3 35. g3 h4 36. Ke1 Kh6 37. Bg4 Kg5 38. Bxf3 hxg3 39. hxg3 Bd8 40. Ke2 Ba5 41. Bg2 Bc3 42. Bh3 Bd4 43. f3 Bc3 44. Bd7 Bd4 1/2-1/2

[Event "*** Titled Tuesday 3|2 Blitz"]
[Site "Chess.com"]
[Date "2016.02.02"]
[Round "2"]
[White "LawrenceTrent"]
[Black "madalin18"]
[Result "1-0"]
[WhiteElo "2156"]
[BlackElo "2015"]
[TimeControl "180+2"]
[EndTime "11:25:36 PST"]
[Termination "LawrenceTrent won by resignation"]

1. d4 Nf6 2. Bg5 e6 3. e4 Be7 4.
Nd2 h6 5. Bh4 d5 6. e5 Ng8 7.
Bg3 c5 8. c3 Nc6 9. Bd3 Bd7 10.
Qg4 Bf8 11. h4 h5 12. Qf4 cxd4 13. cxd4 Qb6 14. Ngf3 Nh6 15. O-O O-O-O 16. a3 Nf5 17. Bxf5 exf5 18. e6 Bxe6 19. Rac1 Bd6 20. Ne5 Kb8 21.
Nxc6+ bxc6 22. Qg5 Bxg3 23. Qxg3+ Qc7 24. Qxg7 Rdg8 25.
Qf6 f4 26. Nf3 Rh7 27. Kh2 Rhg7 28. Rg1 Rg4 29. Ne5 f3 30. gxf3 Rxg1 31. Rxg1 Rxg1 32. Kxg1 Qb7 33. b4 Qb5 34. Qd8+ Bc8 35. Nd7+ Kb7 36. Nc5+ Kb8 37. Qd6+ Ka8 38. Qc7 Bf5 39. a4 Qb8 40. Qxc6+ 1-0

[Event "*** Titled Tuesday 3|2 Blitz"]
[Site "Chess.com"]
[Date "2016.02.02"]
[Round "2"]
[White "Mornar1951"]
[Black "Dr-Bassem"]
[Result "1-0"]
[WhiteElo "2632"]
[BlackElo "2440"]
[TimeControl "180+2"]
[EndTime "11:25:37 PST"]
[Termination "Mornar1951 won by resignation"]

1. Nf3 f5 2. g3 Nf6 3. Bg2 d6 4.
d4 e6 5. O-O Be7 6. c4 O-O 7. b3 Qe8 8. Bb2 Qg6 9. Nc3 Ne4 10. e3 Bf6 11. Ne2 Qh6 12. Nd2 Nxd2 13. Qxd2 c6 14. c5 dxc5 15. dxc5 e5 16. f4 Rd8 17.
Qc2 Na6 18. Rad1 Be6 19. Rxd8+ Rxd8 20. Rd1 Rxd1+ 21. Qxd1 exf4 22. Bxf6 Qxf6 23. Nxf4 Bc8 24. Qd4 Qxd4 25. exd4 Nb4 26. a3 Nc2 27. d5 Bd7 28. Nd3 Nxa3 29. Ne5 Be8 30. d6 Nc2 31. Bf1 Kf8 32.
d7 Bxd7 33. Nxd7+ Ke7 34. Ne5 Ke6 35. Nc4 Nd4 36. b4 g5 37. Kf2 f4 38. Bh3+ Kd5 39. Nd2 Nc2 40. gxf4 gxf4 41. Bf5 Nxb4 42. Bxh7 Kxc5 43.
h4 Kd6 44. h5 Ke7 45. h6 Kf7 46. Nc4 Nd5 47. Nd6+ Kf6 48. Bg8 Kg6 49. h7 Kg7 50.
Nf7 1-0

[Event "*** Titled Tuesday 3|2 Blitz"]
[Site "Chess.com"]
[Date "2016.02.02"]
[Round "2"]
[White "maciek_92"]
[Black "GeorgMeier"]
[Result "0-1"]
[WhiteElo "2473"]
[BlackElo "2676"]
[TimeControl "180+2"]
[EndTime "11:25:45 PST"]
[Termination "GeorgMeier won by resignation"]

1. e4 e6 2. d4 d5 3. Nd2 dxe4 4. Nxe4 Nd7 5. Nf3 Ngf6 6. Bd3 c5 7. O-O Nxe4 8. Bxe4 Nf6 9. Bd3 cxd4 10. Nxd4 Bc5 11. Nf3 O-O 12. Bg5 h6 13. Bh4 b6 14. Qe2 Bb7 15. Rad1 Qc7 16. Bxf6 gxf6 17. Be4 Rfd8 18. a3 Rac8 19. c3 Bf8 20. Rd4 Bxe4 21. Qxe4 f5 22. Qe2 Bg7 23. Rxd8+ Rxd8 24. Rd1 Bf6 25. h3 Kg7 26. g3 Rxd1+ 27. Qxd1 b5 28. Qd3 a6 29. Ne1 Qc5 30. Ng2 Be5 31. Qe3 Qd6 32. Nf4 Bxf4 33.
gxf4 Kf6 34. Kg2 Qd5+ 35. Kh2 a5 36. Kg3 a4 37. Kh2 Qe4 38. Qg3 Qe2 39. Qe3 Qxb2 40. Qd4+ Kg6 41. Kg3 Qxa3 42. Qh8 Qe7 43. h4 Kh5 44.
Qd4 Qxh4+ 45. Kf3 Qh1+ 46. Ke2 Qe4+ 0-1

[Event "*** Titled Tuesday 3|2 Blitz"]
[Site "Chess.com"]
[Date "2016.02.02"]
[Round "2"]
[White "Viaje"]
[Black "AndroQueen"]
[Result "0-1"]
[WhiteElo "2152"]
[BlackElo "2397"]
[TimeControl "180+2"]
[EndTime "11:25:55 PST"]
[Termination "AndroQueen won on time"]

1. d4 Nf6 2. c4 e6 3. Nc3 Bb4 4. f3 O-O 5. a3 Bxc3+ 6. bxc3 Ne8 7. e4 b6 8. Nh3 Nc6 9. Bd3 e5 10. Be3 d6 11. Nf2 f5 12. c5 bxc5 13. dxc5 f4 14. Bc1 Be6 15. Qa4 Ne7 16. cxd6 cxd6 17. O-O Nf6 18.
Rd1 Qc7 19. Bd2 Nc8 20. Rab1 Nb6 21. Qa6 Rab8 22. Rb4 Nfd7 23. Bf1 Nc5 24. Qa5 Nb3 25. Qa6 Nxd2 26. Rxd2 Rfd8 27. c4 Rbc8 28. Rc2 Rd7 29. Nd1 Qc5+ 30. Kh1 Rdc7 31. Nb2 Qe3 32. h3 Qe1 33. Kg1 h6 34. Nd3 Qe3+ 35. Kh1 Nxc4 36. Nxf4 Qxf4 37. Bxc4 Kh7 38. Bxe6 Rxc2 39. Bf5+ Kh8 0-1

[Event "*** Titled Tuesday 3|2 Blitz"]
[Site "Chess.com"]
[Date "2016.02.02"]
[Round "2"]
[White "kharposh"]
[Black "alturas_pacificas"]
[Result "1-0"]
[WhiteElo "2072"]
[BlackElo "2012"]
[TimeControl "180+2"]
[EndTime "11:25:59 PST"]
[Termination "kharposh won on time"]

1. e4 e5 2. Nf3 Nf6 3. Nxe5 d6 4.
Nf3 Nxe4 5. Qe2 Qe7 6. d3 Nf6 7. Bg5 Nbd7 8. Nc3 c6 9. Ne4 d5 10. Nd6+ Kd8 11. Qxe7+ Kxe7 12. Nxc8+ Rxc8 13. d4 h6 14.
Bh4 g5 15. Bg3 Bg7 16. Ne5 Rhe8 17. O-O-O Ne4 18. Nxd7 Kxd7 19. Bd3 f5 20. f3 Nxg3 21. hxg3 Ke6 22. g4 fxg4 23. fxg4 Kd6 24. c3 Re3 25. Rhf1 Rce8 26. Rf7 R8e7 27. Rxe7 Kxe7 28. Bf5 b6 29. Kd2 Rg3 30. Re1+ Kf7 31. Re2 c5 32. dxc5 bxc5 33.
Be6+ Kf8 34. Rf2+ Ke8 35. Bxd5 Rxg4 36. Rf7 Be5 37. Rxa7 h5 38. a4 Rf4 39. a5 Rf2+ 40.
Kd3 Rxb2 41. a6 Kd8 42. Bc4 Rb1 43. Rh7 Ra1 44. a7 h4 45. Bd5 1-0

[Event "*** Titled Tuesday 3|2 Blitz"]
[Site "Chess.com"]
[Date "2016.02.02"]
[Round "2"]
[White "VMikhalevski"]
[Black "Smirnov_Pavel"]
[Result "0-1"]
[WhiteElo "2521"]
[BlackElo "2535"]
[TimeControl "180+2"]
[EndTime "11:26:13 PST"]
[Termination "Smirnov_Pavel won by resignation"]

1. c4 e6 2. Nf3 d5 3. b3 Nf6 4. g3 Be7 5. Bg2 O-O 6. O-O c5 7.
e3 Nc6 8. Bb2 d4 9. exd4 cxd4 10. d3 Re8 11. Re1 Bc5 12. Na3 e5 13. Nc2 a5 14. a3 Bf5 15. Qd2 Qb6 16. Rab1 e4 17. dxe4 Nxe4 18. Qf4 d3 19. Ne3 Bg6 20. Bc1 Nc3 21.
Nd5 Rxe1+ 22. Nxe1 Ne2+ 23. Kf1 Nxf4 24. Nxb6 Bxb6 25.
Bxf4 d2 26. Rd1 dxe1=Q+ 27. Kxe1 Re8+ 28. Kf1 Bc5 29. Rd7 Bxa3 30. Bd5 Bc5 31. Rxb7 Nb4 32.
Bf3 Nd3 33. Bg5 h6 34. Bd2 Nxf2 35. Bxa5 Ne4 36. Kg2 Ng5 37. Bd5 Re2+ 38. Kf1 Bd3 39. Rc7 Ra2+ 40. Ke1 Rxa5 41. Kd2 Bg6 42. Kc3 Bd6 43. Rd7 Be5+ 44. Kb4 Ra1 45. c5 Ne6 46. c6 Rc1 47. Bc4 Kh7 48. Rd5 Bc7 49. Rd7 Be5 50.
Rd5 Bc3+ 51. Kb5 Nc7+ 52. Kb6 Nxd5+ 0-1

[Event "*** Titled Tuesday 3|2 Blitz"]
[Site "Chess.com"]
[Date "2016.02.02"]
[Round "2"]
[White "ChadaevNikolay"]
[Black "DanielRensch"]
[Result "1-0"]
[WhiteElo "2537"]
[BlackElo "2352"]
[TimeControl "180+2"]
[EndTime "11:26:16 PST"]
[Termination "ChadaevNikolay won by resignation"]

1. e4 c5 2. Nf3 d6 3. Nc3 Nf6 4. d4 cxd4 5. Qxd4 Nc6 6. Bb5 Bd7 7. Bxc6 Bxc6 8. Bg5 e6 9. O-O-O Be7 10. Rhe1 Qa5 11.
Qd2 Rc8 12. Kb1 O-O 13. Nd5 Qd8 14. Nxe7+ Qxe7 15. Nd4 h6 16. Bh4 Kh8 17. f3 Rg8 18. Bf2 d5 19. e5 Nd7 20. g4 Nf8 21. h4 Bd7 22. f4 Nh7 23. f5 exf5 24. gxf5 f6 25. e6 Be8 26. Re3 Bh5 27. Rde1 Rc4 28. b3 Rc7 29. Bg3 Rc5 30. Rc3 Rgc8 31. Rxc5 Qxc5 32. Kb2 b5 33. a3 a6 34. Re3 Bg4 35.
Rc3 Qf8 36. Bd6 Qe8 37. Rxc8 Qxc8 38. Qc3 Qe8 39. Qc7 Kg8 40. Kc3 Nf8 41. Bxf8 Qxf8 42. Kb2 h5 43. Qd7 Qc5 44. e7 Qxd4+ 45. Ka2 1-0

[Event "*** Titled Tuesday 3|2 Blitz"]
[Site "Chess.com"]
[Date "2016.02.02"]
[Round "2"]
[White "ZEN-22"]
[Black "BillieKimbah"]
[Result "0-1"]
[WhiteElo "2338"]
[BlackElo "2366"]
[TimeControl "180+2"]
[EndTime "11:26:17 PST"]
[Termination "BillieKimbah won by checkmate"]

1. e4 e5 2. Nc3 Nf6 3. Bc4 Nc6 4. d3 Na5 5. f4 Nxc4 6. dxc4 Bb4 7. fxe5 Nxe4 8.
Qd4 Nxc3 9. bxc3 Be7 10. Bf4 O-O 11. Nf3 d6 12. exd6 Bxd6 13. Bxd6 cxd6 14. O-O-O Be6 15. Qxd6 Qa5 16. Kb2 Bxc4 17. Qa3 Qc7 18. Rd4 Rfe8 19. Rhd1 Bb5 20. Qd6 Rac8 21. Qxc7 Rxc7 22. Rd8 Kf8 23. Rxe8+ Kxe8 24. Nd4 Bc6 25. Re1+ Kf8 26. g3 Bd5 27. Re5 Rd7 28. a4 f6 29. Re3 Kf7 30. Ka3 a5 31.
Nb3 b6 32. Nd4 h5 33. Nb5 Bc4 34. Re4 Bxb5 35. axb5 Rd5 36. c4 Rc5 37. Kb3 g5 38.
Rd4 Ke7 39. h4 Re5 40. Rd3 g4 41. c3 f5 42. Rd4 Re3 43. Rd5 Ke6 44. Rd8 Ke7 45.
Rb8 Re6 46. c5 bxc5 47. Ka4 Rg6 48. b6 Kd7 49. Kb5 f4 50. gxf4 g3 51. Rb7+ Kc8 52.
Re7 g2 53. Re8+ Kb7 54. Re7+ Kc8 55. Re8+ Kd7 56. b7 g1=Q 57. b8=Q Qb1+ 58. Kc4 Qa2+ 59. Kb5 Qb3+ 60. Kxa5 Qxc3+ 61. Ka4 Qc4+ 62. Ka3 Qb4+ 63.
Ka2 Ra6# 0-1

[Event "*** Titled Tuesday 3|2 Blitz"]
[Site "Chess.com"]
[Date "2016.02.02"]
[Round "2"]
[White "Er_is_geen_hoop_meer"]
[Black "HovmoellerHest"]
[Result "1-0"]
[WhiteElo "2306"]
[BlackElo "2159"]
[TimeControl "180+2"]
[EndTime "11:26:18 PST"]
[Termination "Er_is_geen_hoop_meer won by resignation"]

1. d4 Nf6 2. c4 e6 3. Nc3 Bb4 4. Qc2 O-O 5. Nf3 c5 6. dxc5 Bxc5 7. g3 Nc6 8. Bg2 b6 9. O-O Bb7 10. a3 a5 11. b3 Qe7 12. Rd1 Rfd8 13. Na4 Rac8 14.
Bf4 e5 15. Bg5 h6 16. Bxf6 Qxf6 17. Nxc5 bxc5 18. e3 d6 19. Nd2 Qe7 20. Bd5 Rd7 21. Ne4 Nd8 22. Nc3 Bc6 23. Kg2 Ne6 24. Qd2 Kh8 25.
Bxc6 Rxc6 26. Nd5 Qd8 27. h4 Ra6 28. Nc3 Nc7 29. Na4 Rc6 30. Kh2 Ne6 31. Kg2 Kg8 32.
Rab1 Kf8 33. Kh2 Ke7 34. f4 f6 35. f5 Nc7 36. e4 Ra6 37. g4 Na8 38. Qd5 Nb6 39.
Qe6+ Kf8 40. Nc3 Nc8 41. Nb5 Qe7 42. Qd5 Qf7 43. Qd2 Qe7 44. Rg1 Na7 45. Nxa7 Raxa7 46. g5 hxg5 47. hxg5 fxg5 48. Rxg5 Qf6 49. Kg2 Kf7 50.
Rh1 Ra8 51. Rg6 Qe7 52. Rh7 Rg8 53. Qd5+ Kf8 54. f6 Qf7 55. Qa8+ Qe8 56. Qxe8+ Kxe8 57. Rhxg7 Rdxg7 58. fxg7 Kf7 59. Rxd6 Rxg7+ 60. Kf3 Rg1 61. Rb6 Ra1 62. a4 Rb1 63. Ke3 Ke7 64. Kd3 Rh1 65. Rc6 Rh3+ 66. Kc2 Rh2+ 67. Kc3 Rh3+ 68. Kb2 Rh2+ 69.
Ka3 Re2 70. Rxc5 Rxe4 71. Rxa5 Kd6 72. Rd5+ Kc6 73. a5 Re1 74. Kb4 e4 75. Rh5 e3 76. Rh6+ Kb7 77. Kb5 e2 78. Rh7+ Kc8 79. Re7 Kd8 80. Re5 Kc7 81. b4 Kd7 82. c5 Kc7 83. a6 Kb8 84. Re8+ Kc7 85. Re7+ Kd8 86. a7 Kxe7 87. a8=Q Kf6 88. Qf3+ Ke7 89. Qf2 1-0

[Event "*** Titled Tuesday 3|2 Blitz"]
[Site "Chess.com"]
[Date "2016.02.02"]
[Round "2"]
[White "FabianEnglert"]
[Black "Jahonas"]
[Result "1-0"]
[WhiteElo "2342"]
[BlackElo "2154"]
[TimeControl "180+2"]
[EndTime "11:26:35 PST"]
[Termination "FabianEnglert won by resignation"]

1. Nf3 c6 2. g3 d5 3. Bg2 Nf6 4. O-O g6 5. b3 Bg7 6. Bb2 O-O 7. c4 b6 8. d3 Bb7 9. Nbd2 Nbd7 10. Qc2 Rc8 11.
Rad1 e6 12. e4 Qc7 13. Rfe1 Rfd8 14. h3 Nc5 15. e5 Ne8 16. Nf1 dxc4 17. dxc4 a5 18. Ne3 Na6 19. a3 Bf8 20. h4 Ng7 21. Ng4 Ne8 22. h5 Rxd1 23. Rxd1 Rd8 24. Ng5 Rxd1+ 25.
Qxd1 Nc5 26. b4 axb4 27. axb4 Qd7 28. Qf3 Nd3 29. Ne4 Bg7 30. Bc3 c5 31. b5 Bxe4 32.
Qxe4 gxh5 33. Nf6+ Nxf6 34. exf6 Bf8 35. Qf3 Nb4 36. Qxh5 Qd3 37. Bb2 Qg6 38. Qe2 Qg5 39. Be4 h6 40. Kg2 Bd6 41. Bc3 Be5 42. Bd2 Qxf6 43. Qh5 Bd4 44. f4 Qg7 45. f5 exf5 46.
Qxf5 Qf6 47. Qxf6 Bxf6 48. Bxh6 Na2 49. Bf4 Nc3 50. Bd3 Bd8 51. Be5 Na4 52. Bc2 f6 53.
Ba1 1-0